Map: [ESL] Inside and Out

Players

Gerald

  • Race: Protoss Protoss
  • Spawn Location: 1:00

ForJumy - Winner!

  • Race: Protoss Protoss
  • Spawn Location: 7:00

Event: DreamHack SC2 Masters 2022 Atlanta (Online)

VOD

Have the link to the VOD?

Description

Time

  • Played on: Sept. 30, 2022, 12:37 p.m.
  • Length: 8:18

All games in this series

Show
View Real Time Build Order
Export as new Build Order

Gerald Protoss 

Build Orders: Blink Stalkers 

Get SALT Encoding   

  12  0:00  Probe  
  13  0:12  Probe  
  14  0:17  Pylon  
  14  0:24  Probe (Chrono Boost)  
  15  0:38  Probe (Chrono Boost)  
  15  0:40  Gateway  
  16  0:43  Probe (Chrono Boost)  
  17  0:52  Probe, Assimilator  
  18  0:58  Assimilator  
  18  1:03  Assimilator  
  18  1:06  Probe (Chrono Boost)  
  19  1:18  Probe (Chrono Boost)  
  20  1:21  Gateway  
  20  1:25  Probe (Chrono Boost)  
  21  1:29  Pylon  
  21  1:34  Probe  
  22  1:46  Probe  
  23  1:58  Probe  
  24  2:02  Cybernetics Core  
  24  2:10  Probe  
  25  2:16  Pylon  
  25  2:22  Pylon  
  25  2:26  Probe  
  26  2:34  Warp Gate (Chrono Boost)  
  26  2:40  Stalker x2  
  30  2:45  Probe  
  30  2:47  Shield Battery  
  31  2:54  Shield Battery  
  31  2:57  Probe  
  31  3:02  Twilight Council  
  31  3:10  Adept x2  
  36  3:30  Nexus  
  36  3:34  Probe  
  35  3:43  Blink (Chrono Boost)  
  35  3:47  Probe  
  36  3:55  Shield Battery  
  36  3:59  Probe  
  37  4:02  Robotics Facility  
  35  4:11  Probe  
  35  4:13  Stalker  
  38  4:21  Pylon  
  38  4:23  Probe  
  39  4:40  Stalker x2  
  39  4:44  Probe (Chrono Boost)  
  45  4:45  Probe (Chrono Boost)  
  45  4:50  Observer (Chrono Boost)  
  44  4:56  Probe (Chrono Boost)  
  46  5:01  Probe (Chrono Boost), Assimilator  
  46  5:03  Probe (Chrono Boost), Stalker  
  46  5:04  Observer (Chrono Boost)  
  50  5:08  Probe  
  50  5:09  Stalker  
  50  5:10  Probe  
  54  5:16  Gateway  
  55  5:28  Immortal  
  59  5:31  Stalker  
  60  5:36  Stalker  
  60  5:38  Pylon  
  62  5:44  Pylon  
  62  5:55  Probe  
  62  5:56  Probe  
  63  6:04  Stalker  
  63  6:05  Stalker  
  63  6:07  Probe, Gateway  
  63  6:08  Probe  
  63  6:09  Dark Shrine  
  69  6:22  Probe  
  70  6:27  Stalker x3  
  76  6:33  Probe  
  71  6:50  Stalker x3  
  71  6:52  Immortal (Chrono Boost)  
  71  6:54  Probe  
  59  7:13  Stalker x2  
  57  7:18  Stalker  
  38  7:41  Probe x2  
  28  7:53  Probe  
  28  7:54  Probe  
Show
View Real Time Build Order
Export as new Build Order

ForJumy Protoss - Winner!

Build Orders: Blink Stalkers 

Get SALT Encoding   

  12  0:00  Probe  
  13  0:12  Probe  
  14  0:16  Pylon  
  14  0:24  Probe  
  15  0:34  Gateway  
  15  0:36  Probe (Chrono Boost)  
  16  0:46  Probe (Chrono Boost), Assimilator  
  17  0:51  Probe (Chrono Boost)  
  18  1:02  Gateway  
  18  1:04  Probe (Chrono Boost)  
  19  1:14  Probe (Chrono Boost)  
  20  1:19  Probe (Chrono Boost)  
  20  1:21  Cybernetics Core  
  21  1:30  Probe  
  21  1:32  Pylon  
  22  1:42  Probe  
  23  1:54  Probe  
  23  1:57  Stalker x2  
  28  2:03  Warp Gate (Chrono Boost)  
  28  2:06  Probe  
  29  2:13  Pylon  
  29  2:19  Probe  
  30  2:23  Assimilator  
  30  2:31  Probe  
  30  2:34  Adept  
  30  2:35  Adept  
  35  2:44  Probe  
  36  3:03  Nexus  
  36  3:09  Sentry  
  36  3:12  Pylon  
  38  3:15  Probe  
  39  3:23  Twilight Council  
  39  3:30  Probe  
  40  3:34  Shield Battery  
  40  3:42  Probe  
  40  3:47  Stalker  
  43  3:48  Stalker  
  43  3:54  Probe  
  46  3:57  Blink (Chrono Boost)  
  46  4:07  Probe (Chrono Boost)  
  43  4:12  Stalker  
  43  4:15  Probe (Chrono Boost)  
  46  4:19  Stalker  
  50  4:25  Probe x2 (Chrono Boost)  
  50  4:32  Probe  
  50  4:37  Probe, Stalker  
  54  4:41  Pylon  
  54  4:44  Probe  
  55  4:50  Stalker  
  55  4:52  Probe  
  57  4:57  Probe  
  58  5:02  Stalker  
  58  5:07  Nexus  
  60  5:11  Pylon  
  60  5:15  Stalker  
  60  5:17  Probe  
  60  5:18  Probe  
  64  5:27  Robotics Facility  
  64  5:31  Pylon  
  64  5:32  Probe, Stalker  
  67  5:36  Probe  
  67  5:39  Stalker  
  70  5:44  Assimilator  
  70  5:49  Gateway  
  70  5:52  Probe  
  70  5:54  Gateway  
  70  5:56  Probe  
  72  6:03  Stalker x2  
  72  6:04  Probe  
  77  6:08  Probe  
  78  6:16  Observer  
  78  6:17  Probe (Chrono Boost)  
  80  6:20  Probe (Chrono Boost)  
  80  6:22  Charge  
  80  6:24  Probe (Chrono Boost)  
  82  6:27  Gateway  
  82  6:29  Forge  
  82  6:32  Adept x2  
  87  6:33  Probe (Chrono Boost)  
  87  6:34  Probe (Chrono Boost)  
  87  6:36  Probe (Chrono Boost)  
  89  6:40  Probe  
  90  6:50  Stalker x2  
  90  6:51  Immortal (Chrono Boost)  
  96  7:00  Pylon  
  96  7:01  Pylon  
  85  7:16  Stalker  
  85  7:21  Stalker x3  
  91  7:29  Probe  
  82  7:30  Immortal  
  73  7:37  Probe  
  73  7:41  Probe  
  73  7:49  Probe  
  64  7:56  Nexus  
  62  7:59  Stalker x3  
  67  8:05  Probe  
Tags
 
Add a new tag
Caveats
  • Supply blocks, unpowered buildings, or Contaminate may cause inaccurate times.
  • Supply counts are checked every 10 seconds.